 Dungeon Crawl Stone Soup version 0.20-a0-537-g052e6ba (webtiles) character file.

138 Duffy the Chopper (level 4, -2/40 HPs)
             Began as a Demigod Fighter on Jan 28, 2017.
             Killed by nerve-wracking pain
             ... invoked by an orc priest
              (8 damage)
             ... on level 3 of the Dungeon.
             The game lasted 00:01:44 (2475 turns).

Duffy the Chopper (Demigod Fighter)                 Turns: 2475, Time: 00:01:45

Health: -2/40      AC:  7    Str: 21    XL:     4   Next: 70%
Magic:  0/6        EV:  7    Int: 12    God:
Gold:   81         SH:  9    Dex: 15    Spells: 3/3 levels left

rFire    . . .     SeeInvis .   a - +0 war axe
rCold    . . .     Gourm    .   b - +1 scale mail
rNeg     . . .     Faith    .   c - +0 shield
rPois    .         Spirit   +   (no helmet)
rElec    .         Reflect  .   (no cloak)
rCorr    .         Harm     .   (no gloves)
MR       .....                  (no boots)
Stlth    ..........             g - amulet of guardian spirit
Regen    0.2/turn               (no ring)
                                (no ring)

@: very slightly contaminated, drained
A: high mp 1
a: no special abilities


You were on level 3 of the Dungeon.
You were not hungry.

You visited 1 branch of the dungeon, and saw 3 of its levels.

You collected 81 gold pieces.

Inventory:

Hand Weapons
 a - a +0 war axe (weapon)
 k - a -2 war axe
Armour
 b - a +1 scale mail (worn)
 c - a +0 shield (worn)
Jewellery
 g - an amulet of guardian spirit (around neck)
Wands
 n - a wand of flame (22/48)
Scrolls
 e - 2 scrolls of blinking
Potions
 d - a potion of might
 j - a potion of beneficial mutation {unknown}
 o - a potion of flight {unknown}
Comestibles
 f - 3 bread rations
 h - a meat ration
 r - 4 chunks of flesh


   Skills:
 + Level 3.6(3.1) Fighting
 * Level 4.0(3.5) Axes
 - Level 2.6(2.1) Armour
 - Level 2.6(2.1) Shields


You had 3 spell levels left.
You didn't know any spells.

Dungeon Overview and Level Annotations

Branches:
Dungeon (3/15)


Innate Abilities, Weirdness & Mutations

You have an increased reservoir of magic. (+10% MP)


Message History

The orc priest is severely wounded.
The orc priest hits you with a flail.
You closely miss the orc priest.
The orc priest is severely wounded.
The orc priest closely misses you. You block the orc priest's attack.
You hit the orc priest but do no damage.
The orc priest is severely wounded.
The orc priest calls down the wrath of Beogh upon you.
Beogh smites you!
You hit the orc priest but do no damage.
The orc priest is severely wounded.
The orc priest barely misses you.
Your shield and scale mail prevent you from hitting the orc priest.
The orc priest is severely wounded.
The orc priest hits you but does no damage.
You closely miss the orc priest.
The orc priest is severely wounded.
The orc priest invokes the aid of Beogh against you.
Pain shoots through your body!
You die...

#
####.####
#o...$...
#@# #.#
#.)# #.##
#.. #.#
#.. ###


You could see an orc priest.

Vanquished Creatures
  An orc priest (D:3)
  Natasha (twice) (D:2)
  An adder (D:2)
  2 worms
  A dart slug (D:1)
  2 leopard geckos
  4 orcs (D:3)
  A ball python (D:1)
  4 bats
  4 goblins
  4 hobgoblins
  2 jackals (D:1)
  4 frilled lizards
  5 kobolds
  4 rats
41 creatures vanquished.

Notes
Turn   | Place    | Note
-------+----------+-------------------------------------------
     0 | D:1      | Duffy the Demigod Fighter began the quest for the Orb.
     0 | D:1      | Reached XP level 1. HP: 18/18 MP: 3/3
    21 | D:1      | Reached skill level 2 in Axes
   303 | D:1      | Reached XP level 2. HP: 12/25 MP: 4/4
  1306 | D:2      | Reached XP level 3. HP: 30/31 MP: 5/5
  1394 | D:2      | Reached skill level 3 in Axes
  1469 | D:2      | Found a sacrificial altar of Ru.
  1710 | D:2      | Noticed Natasha
  1724 | D:2      | Killed Natasha
  2214 | D:2      | Noticed Natasha
  2225 | D:2      | Killed Natasha
  2225 | D:2      | Reached XP level 4. HP: 17/38 MP: 2/6
  2465 | D:3      | Reached skill level 4 in Axes
  2475 | D:3      | Killed from afar by an orc priest

Vault maps used:
D:1:      elethiomel_arrival_quiet, serial_forest, infiniplex_forest_end_1,
          infiniplex_forest_straight_3, infiniplex_forest_straight_3,
          infiniplex_forest_lined_2
D:2:      first_bread, small_statue_intersection, serial_bayou_pond_d,
          nicolae_ru_awakened_eye, uniq_natasha
D:3:      okawaru_gym_becter, gammafunk_temple_overflow_elements,
          gup_sewer_entry_spiral, kennysheep_flooded_box, kennysheep_cross_room

Skill      XL: |  1  2  3  4 |
---------------+-------------+-----
Axes           | 2 3 4 |  4.0
Fighting       | 3 |  3.6
Armour         | |  2.6
Shields        | |  2.6

Action                   |  1- 3 |  4- 6 || total
-------------------------+-------+-------++-------
Melee: War axe           |   136 |    14 ||   150
  Use: Scroll            |       |     6 ||     6
  Eat: Chunk             |     4 |     1 ||     5
Armor: Scale mail        |    64 |     5 ||    69
Dodge: Dodged            |    40 |     6 ||    46
Block: Shield            |    60 |     4 ||    64
